 Dungeon Crawl Stone Soup version 0.27.1-34-g3ba077fa99 (webtiles) character file.

Game seed: 462868918757666538

234 cbfl8 the Sneak (level 5, -1/47 HPs)
             Began as a Minotaur Delver on Jan 17, 2022.
             Was a Follower of Yredelemnul.
             Slain by a kobold (2 damage)
             ... on level 3 of the Dungeon.
             The game lasted 00:08:46 (3198 turns).

cbfl8 the Sneak (Minotaur Delver)                   Turns: 3198, Time: 00:08:46

Health: -1/47      AC:  8    Str: 16    XL:     5   Next: 75%
Magic:  4/4        EV:  7    Int:  8    God:    Yredelemnul [*.....]
Gold:   104        SH:  0    Dex: 12    Spells: 4/4 levels left

rFire    + . .     SeeInvis .   a - +0 hand axe
rCold    + . .     Faith    .   (no shield)
rNeg     . . .     Spirit   .   j - +0 chain mail
rPois    .         Reflect  .   (helmet restricted)
rElec    .         Harm     .   k - scarf {rC+ rF+}
rCorr    .         Rampage  .   (no gloves)
Will     .....                  (no boots)
Stlth    ..........             (no amulet)
HPRegen  0.15/turn              (no ring)
MPRegen  0.09/turn              (no ring)

@: lethally poisoned (-1 -> -5), hasted, very quick
A: horns 2, retaliatory headbutt
a: Renounce Religion, Animate Remains


You were on level 3 of the Dungeon.
You worshipped Yredelemnul.
Yredelemnul was aware of your devotion.
You visited 2 branches of the dungeon, and saw 6 of its levels.

You collected 104 gold pieces.

Inventory:

Hand Weapons
 a - a +0 hand axe (weapon)
Armour
 b - a +0 leather armour
 j - a +0 chain mail (worn)
 k - a scarf of resistance (worn)
Magical Staves
 m - a staff of death
 o - a staff of poison
Wands
 g - a wand of digging (3)
 i - a wand of flame (10)
Scrolls
 c - 2 scrolls of fog
 d - 2 scrolls of magic mapping
 e - a scroll of fear
 h - 2 scrolls of teleportation {unknown}
 l - 2 scrolls of identify {unknown}
 n - a scroll of amnesia {unknown}
 q - a scroll of noise {unknown}
Potions
 p - a potion of berserk rage {unknown}


   Skills:
 + Level 4.7 Fighting
 + Level 3.3 Axes
 + Level 2.5 Armour
 + Level 2.6 Dodging
 + Level 5.4 Stealth
 + Level 0.1 Invocations


You had 4 spell levels left.
You didn't know any spells.
Your spell library contained the following spells:

 Spells                   Type           Power      Damage    Failure   Level
 Slow                     Hex            0%         N/A       100%        2
 Confusing Touch          Hex            0%         N/A       100%        3
 Vampiric Draining        Necr           0%         2d6       100%        3


Dungeon Overview and Level Annotations

Branches:
Dungeon (5/15)             Temple (1/1) D:5

Altars:
Cheibriados
Kikubaaqudgha
Ru
Sif Muna
Trog
Wu Jian
Yredelemnul
Zin


Innate Abilities, Weirdness & Mutations

You have a pair of horns on your head.
You reflexively headbutt those who attack you in melee.


Message History

You barely miss the ball python.
The ball python is moderately wounded.
You hit the ball python.
You kill the ball python!
Yredelemnul accepts your kill.
You feel sick.
The ball python bites you but does no damage.
The ball python constricts you.
The kobold throws a poisoned dart.
The poisoned dart hits you!
You are more poisoned.
You hit the ball python.
You kill the ball python!
Yredelemnul accepts your kill.
You feel very sick.
You feel very sick.
You see here a ball python corpse.
You feel sick.
The kobold throws a poisoned dart.
The poisoned dart hits you!
You are more poisoned.
You feel very sick.
You feel very sick.
The kobold throws a poisoned dart.
The poisoned dart hits you!
You are lethally poisoned!
* * * LOW HITPOINT WARNING * * *
You feel very sick.
A rat comes into view.
* * * LOW HITPOINT WARNING * * *
You feel very sick.
* * * LOW HITPOINT WARNING * * *
You feel sick.
You closely miss the kobold. Your headbutt misses the kobold.
* * * LOW HITPOINT WARNING * * *
You feel sick. The kobold hits you with a +0 whip.
* * * LOW HITPOINT WARNING * * *
The kobold hits you with a +0 whip.
* * * LOW HITPOINT WARNING * * *
You feel yourself speed up.
* * * LOW HITPOINT WARNING * * *
You feel sick. The kobold hits you with a +0 whip.
You die...
Your body rises from the dead as a mindless zombie.

§.≈≈§§≈§§≈§§§.≈
......§....§.......
§§≈.≈≈≈≈≈.≈≈≈≈§.≈§≈
#§.≈###§.≈###§§≈# #≈§≈
#§§§# §§§#
###≈.≈###≈§§###≈.≈###≈
≈≈≈≈.≈≈≈≈≈(≈≈≈≈§.≈§≈§≈
........).............
........†....K@.r.....
######################


You could see a kobold and a rat.

Vanquished Creatures
  A centaur skeleton (D:5)
  2 hounds (D:5)
  2 bullfrog skeletons (D:5)
  2 adders (D:2)
  2 dart slugs (D:1)
  An orc (D:3)
  4 endoplasms
  2 giant cockroaches (D:1)
  6 goblins
  4 hobgoblins
  3 quokkas
  8 ball pythons
  5 bats
  5 frilled lizards
  3 kobolds
  3 rats (D:1)
53 creatures vanquished.

Vanquished Creatures (collateral kills)
  An adder (D:2)
  An endoplasm (D:2)
  2 ball pythons (D:2)
  A kobold (D:2)
  A rat (D:2)
6 creatures vanquished.

Vanquished Creatures (others)
  An orc skeleton (D:3)
1 creature vanquished.

Grand Total: 60 creatures vanquished

Notes
Turn   | Place    | Note
-------+----------+-------------------------------------------
     0 | D:5      | cbfl8 the Minotaur Delver began the quest for the Orb.
     0 | D:5      | Reached XP level 1. HP: 19/19 MP: 0/0
    19 | D:5      | Found a staircase to the Ecumenical Temple.
    31 | D:5      | Reached XP level 2. HP: 14/27 MP: 1/1
    31 | D:5      | Reached XP level 3. HP: 17/33 MP: 2/2
    35 | Temple   | Entered the Ecumenical Temple
   169 | Temple   | Became a worshipper of Yredelemnul the Dark
   216 | D:5      | Reached skill level 1 in Armour
   216 | D:5      | Reached skill level 5 in Stealth
   216 | D:5      | Reached XP level 4. HP: 16/40 MP: 3/3
   602 | D:5      | Reached XP level 5. HP: 45/47 MP: 4/4
   716 | D:4      | Noticed a necrophage
  1903 | D:1      | Found a faded altar of an unknown god.
  2289 | D:2      | Reached * piety under Yredelemnul
  3197 | D:3      | HP: 2/47 [kobold (2)]
  3198 | D:3      | Slain by a kobold

Illustrated notes

Levels and vault maps discovered:
D:1:      giann_bridges, layout_basic, shapermc_ecumenical_altar_starsandcircs
D:2:      layout_basic
D:3:      layout_loops_ring, kennysheep_boxes, uniq_natasha, uniq_grinder,
          uniq_crazy_yiuf_cottage, uniq_ijyb
D:4:      layout_basic, serial_curves, eino_curves_04, eino_curves_02,
          kennysheep_generic_room_10, uniq_pikel
D:5:      layout_loops_ring, minmay_temple_entry_ruins
Temple:   dpeg_five_rooms_temple

Skill      XL: |  1  2  3  4  5 |
---------------+----------------+-----
Fighting       | 4 |  4.7
Armour         | 1 2 |  2.5
Stealth        | 5 |  5.4
Axes           | 3 |  3.3
Dodging        | |  2.6
Invocations    | |  0.1

Action                   |  1- 3 |  4- 6 || total
-------------------------+-------+-------++-------
Melee: Hand axe          |    13 |   127 ||   140
       Headbutt          |     1 |    18 ||    19
Invok: Animate Remains   |       |     5 ||     5
  Use: Potion            |       |     1 ||     1
Armor: Leather armour    |     2 |       ||     2
       Chain mail        |       |    88 ||    88
Dodge: Dodged            |    13 |    74 ||    87
